 Dungeon Crawl Stone Soup version 0.32-a0-571-gec57dfcd37 (webtiles) character file.

Game seed: 10253233856382595014

261 Aneyh the Ducker (level 6, -5/37 HPs)
             Began as a Tengu Monk on Feb 29, 2024.
             Slain by Edmund
             ... wielding a +3 dire flail of protection
              (14 damage)
             ... on level 4 of the Dungeon.
             The game lasted 00:04:44 (2518 turns).

Aneyh the Ducker (Tengu Monk)                       Turns: 2518, Time: 00:04:45

Health: -5/37      AC:  2    Str: 13    XL:     6   Next: 18%
Magic:  5/7        EV: 15    Int: 13    God:
Gold:   195        SH:  0    Dex: 17    Spells: 2/5 levels left

rFire   . . .        a - +4 quarterstaff of Collusion {flame, rPois Int+3}
rCold   . . .        (shield currently unavailable)
rNeg    . . .        b - +0 robe
rPois   +            (helmet restricted)
rElec   .            (no cloak)
rCorr   .            (no gloves)
SInv    .            (boots unavailable)
Will    .....        (no amulet)
Stlth   ++           v - +4 ring of slaying
HPRegen 0.26/turn    (no ring)
MPRegen 0.10/turn

%: acrobat
@: no status effects
A: beak, talons 3, acrobatic
a: no special abilities


You were on level 4 of the Dungeon.
You visited 1 branch of the dungeon, and saw 4 of its levels.

You collected 195 gold pieces.

Inventory:

Hand Weapons
 a - the +4 quarterstaff of Collusion (weapon) {flame, rPois Int+3}
   (You found it on level 2 of the Dungeon)

   Int+3:     It affects your intelligence (+3).
   rPois:     It protects you from poison
 j - a +0 morningstar
 p - a +0 spear
 r - a +0 falchion
Missiles
 n - 13 poisoned darts (quivered)
Armour
 b - a +0 robe (worn)
 d - an orb of light
 e - a +0 ring mail
 k - a +0 buckler
Jewellery
 v - a +4 ring of slaying (left hand)
Talismans
 t - a dragon-blood talisman
Wands
 q - a wand of charming (12)
Scrolls
 g - 2 scrolls of summoning {unknown}
 i - a scroll of revelation {unknown}
 l - 5 scrolls of teleportation {unknown}
 m - 4 scrolls of identify {unknown}
 o - a scroll of brand weapon {unknown}
 s - a scroll of poison {unknown}
 u - a scroll of fog {unknown}
 w - 2 scrolls of vulnerability {unknown}
 y - a scroll of blinking {unknown}
 B - a scroll of enchant armour {unknown}
Potions
 c - a potion of ambrosia
 f - 2 potions of enlightenment {unknown}
 h - 2 potions of degeneration {unknown}
 x - a potion of heal wounds {unknown}
 z - a potion of attraction {unknown}
 A - a potion of resistance {unknown}
 C - a potion of curing {unknown}
 D - a potion of brilliance {unknown}
 E - 2 potions of mutation {unknown}


   Skills:
 - Level 3.0 Fighting
 - Level 3.2 Long Blades
 + Level 6.5 Dodging
 * Level 3.4 Summonings


You had 2 spell levels left.
You knew the following spells:

 Your Spells              Type           Power      Damage    Failure   Level
a - Summon Ice Beast      Ice/Summ       4%         N/A       43%         3

Your spell library contained the following spells:

 Spells                   Type           Power      Damage    Failure   Level
 Shock                    Conj/Air       0%         1d3       30%         1
 Swiftness                Air            0%         N/A       67%         3
 Airstrike                Air            0%         2d(0-16)  97%         4
 Olgreb's Toxic Radiance  Alch           0%         N/A       97%         4
 Summon Mana Viper        Hex/Summ       4%         N/A       99%         5
 Monstrous Menagerie      Summ           4%         N/A       100%        7
 Ozocubu's Refrigeration  Ice            0%         4d7       100%        7
 Discord                  Hex            0%         N/A       100%        8


Dungeon Overview and Level Annotations

Branches:
Dungeon (4/15)
 Temple: D:4-7

Altars:

Annotations:
D:4 Edmund, Pikel


Innate Abilities, Weirdness & Mutations

You have a beak for a mouth.
You have claws for feet.
You can magically evade attacks while moving or waiting.


Message History

The sleepcap closely misses you.
You hit the sleepcap. You burn the sleepcap. You peck the sleepcap.
The sleepcap is almost destroyed.
Your ice beast hits the sleepcap but does no damage.
The sleepcap releases spores at your ice beast.
Your ice beast is engulfed in a cloud of soporific spores!
You hit the sleepcap but do no damage.
The sleepcap is almost destroyed.
Your ice beast hits the sleepcap but does no damage.
The sleepcap misses you.
Your ice beast hits the sleepcap but does no damage.
You hit the sleepcap. You burn the sleepcap.
You destroy the sleepcap!
Your ice beast barely misses Edmund.
Edmund hits you with a +3 dire flail of protection!
You hit Edmund. You burn Edmund. You claw Edmund, but do no damage.
Edmund is lightly wounded.
Your ice beast hits Edmund.
Your ice beast freezes Edmund.
Edmund closely misses you.
You hit Edmund. You burn Edmund.
Edmund is moderately wounded.
Your ice beast closely misses Edmund.
Edmund misses you.
Your ice beast hits Edmund but does no damage.
You hit Edmund but do no damage.
Edmund is moderately wounded.
Edmund barely misses you.
Your ice beast hits Edmund but does no damage.
Edmund hits you with a +3 dire flail of protection!
You thump Edmund! You burn Edmund. You claw Edmund, but do no damage.
You peck Edmund, but do no damage.
Edmund is severely wounded.
Your ice beast closely misses Edmund.
Edmund hits you with a +3 dire flail of protection!
* * * LOW HITPOINT WARNING * * *
You hit Edmund but do no damage.
Edmund is severely wounded.
Your ice beast completely misses Edmund.
Edmund hits you with a +3 dire flail of protection!
You die...
Edmund whines, "They better pay attention to me now!"

#....... #..
........
#.<#
........
#..#
........
#..#
#.......
#..#
#.......#..#
#....#..#
##@.##
##@Y##
######..##
##......##
##......##
#......##
#......#
#......#
##### ..
#......#
#...### #.#
#...)..#
#.....# #..


You could see Edmund (ally target) and a friendly ice beast (summoned).

Vanquished Creatures
  A bombardier beetle (D:3)
  2 hounds
  A sleepcap (D:4)
  3 adders
  A ribbon worm (D:2)
  A dart slug (D:1)
  7 orcs
  3 endoplasms
  2 giant cockroaches
  5 goblins
  11 hobgoblins
  2 jackals (D:1)
  2 quokkas
  8 ball pythons
  5 bats
  3 frilled lizards
  2 kobolds (D:4)
  7 rats
66 creatures vanquished.

Vanquished Creatures (collateral kills)
  A jelly (D:4)
  A kobold (D:3)
2 creatures vanquished.

Grand Total: 68 creatures vanquished

Notes
Turn   | Place    | Note
-------+----------+-------------------------------------------
     0 | D:1      | Aneyh the Tengu Monk began the quest for the Orb.
     0 | D:1      | Reached XP level 1. HP: 14/14 MP: 2/2
   206 | D:1      | Reached XP level 2. HP: 15/19 MP: 3/3
   207 | D:1      | Reached skill level 4 in Dodging
   896 | D:2      | Identified the +4 quarterstaff of Collusion {flame, rPois
                  | Int+3}
   929 | D:2      | Reached XP level 3. HP: 23/23 MP: 4/4
  1126 | D:2      | Reached skill level 1 in Summonings
  1263 | D:2      | Reached skill level 5 in Dodging
  1335 | D:2      | Reached XP level 4. HP: 28/28 MP: 5/5
  1467 | D:2      | Learned a level 3 spell: Summon Ice Beast
  1882 | D:3      | Reached XP level 5. HP: 15/32 MP: 3/6
  2257 | D:4      | Noticed a lemure
  2257 | D:4      | Noticed a lemure
  2257 | D:4      | Noticed a lemure
  2258 | D:4      | Noticed Pikel
  2259 | D:4      | Noticed a lemure
  2261 | D:4      | Reached skill level 6 in Dodging
  2300 | D:4      | Reached XP level 6. HP: 20/37 MP: 3/7
  2504 | D:4      | Noticed Edmund
  2518 | D:4      | Slain by Edmund

Illustrated notes

Levels and vault maps discovered:
D:1:      arrival_zaba_pyramid, layout_basic
D:2:      wander_river, layout_basic
D:3:      layout_loops_ring
D:4:      layout_cave_pods, nicolae_ru_great_annihilating_truth,
          ebering_ghost_reflecting_pool, minmay_unequal, uniq_edmund,
          uniq_pikel, uniq_natasha

Skill      XL: |  1  2  3  4  5 |
---------------+----------------+-----
Dodging        | 4 5 6 |  6.5
Summonings     | 1 2 3 |  3.4
Fighting       | |  3.0
Long Blades    | |  3.2

Action                     |  1- 3 |  4- 6 || total
---------------------------+-------+-------++-------
  Melee: Falchion          |    35 |       ||    35
         Kick              |    10 |    14 ||    24
         Peck              |     3 |     8 ||    11
         Quarterstaff      |    22 |    55 ||    77
   Cast: Summon Ice Beast  |       |     3 ||     3
 Armour: Robe              |    20 |    24 ||    44
  Dodge: Dodged            |    43 |    49 ||    92
  Block: Buckler           |     6 |       ||     6

Table legend: (Time is in decaauts)
 A = Elapsed time spent in this place.
 B = Non-inter-level travel time spent in this place.
 C = Inter-level travel time spent in this place.
 D = Time resting spent in this place.
 E = Time spent auto-exploring this place.
 F = Levels seen in this place.
 G = Mean time per level.
                   A        B        C        D        E       F      G
               +--------+--------+--------+--------+--------+-----+--------+
         Total |   2561 |   2494 |     67 |    181 |   1832 |   4 |  640.2 |
       Dungeon |   2561 |   2494 |     67 |    181 |   1832 |   4 |  640.2 |
               +--------+--------+--------+--------+--------+-----+--------+

Top non-repeatable levels by time:
     D:1: 827 daAuts
     D:3: 818 daAuts
     D:2: 679 daAuts
     D:4: 236 daAuts
